[Event "Israeli Championship 2022"]
[Site "Yosiah Arad"]
[Date "2022.12.07"]
[Round "3.11"]
[White "Levitan, Tal"]
[Black "Tzidkiya, Yeshaayahu"]
[Result "1-0"]
[ECO "B27"]
[WhiteElo "2243"]
[BlackElo "2444"]
[Annotator "TA"]
[PlyCount "75"]
[EventDate "2022.12.05"]
[EventType "swiss"]
[EventCountry "ISR"]
[SourceTitle "playchess.com"]
[Source "ChessBase"]
[SourceQuality "1"]
[TimeControl "40/5400+30:1800+30"]

1. e4 c5 2. Nf3 g6 3. d4 cxd4 4. Qxd4 Nf6 5. Nc3 Nc6 6. Qa4 d6 7. e5 dxe5 8. Nxe5 Qd4 {[%emt 0:09:58] Against Bc4. B27: Sicilian: 2 Nf3, unusual Black 2nd moves.} 9. Nxc6 {[%emt 0:00:41] Active counter play!} Qxa4 10. Nxa4 {[%emt 0:00:07] [#] Threatens to win with Nd4.} bxc6 {[%emt 0:00:03] White is slightly better.} 11. b3 Bg7 12. Bb2 O-O 13. Bd3 e5 {[%emt 0:01:11] [#]} 14. O-O $146 ({Don't play} 14. Bxe5 Re8 15. f4 Ng4 $15) ({Predecessor:} 14. O-O-O Ng4 15. Rdf1 f5 16. Bc4+ Kh8 17. h3 Nh6 18. f3 Nf7 19. Ba3 Nd8 20. Bxf8 Bxf8 {1-0 (36) Skawinski,A (2358)-Malinovsky,P (2070) Pardubice 2021}) 14... Nd5 15. Rae1 f6 16. Be4 Bf5 17. Bxf5 gxf5 18. Nc5 Kf7 19. Rd1 (19. c4 $5 Nb6 20. Rd1 $14) 19... Rfc8 20. c4 Nb6 21. Na6 ({Better is} 21. Nb7 $16) 21... Bf8 $11 22. f4 e4 23. a4 {[%emt 0:00:15] aiming for a5.} Rd8 24. a5 Nd7 25. b4 {[%emt 0:00:56] Inhibits Nc5.} Rac8 $1 26. Bd4 c5 27. Bxc5 Nxc5 28. Nxc5 Bxc5+ 29. bxc5 {[%emt 0:00:06] White wants to play Rxd8.} Ke6 30. Rxd8 Rxd8 {[%emt 0:01:03][%mdl 4096] Endgame KR-KR} 31. Rb1 {[%emt 0:00:03] And now a6 would win.} Rd4 (31... Rd2 {with more complications.} 32. Rb7 e3 33. Kf1 Rf2+) 32. Rb7 h5 $2 ({Black should play} 32... Rxc4 $11 33. Rxh7 (33. Rxa7 Rc1+ 34. Kf2 Rxc5 $14) 33... e3) 33. Rxa7 $16 Rxc4 34. a6 {[%emt 0:00:47][%cal Ba5a6,Ba6a7][%mdl 32] Black must now prevent Ra8.} Rxc5 $2 {[%emt 0:01:08][%mdl 8192] [#] A mistake that costs the game.} (34... e3 $16 35. Kf1 Rxf4+ 36. Ke2 Ra4) 35. Ra8 $1 $18 {[%emt 0:00:14] Strongly threatening a7.} Rc7 (35... Ra5 $2 36. a7 Ra1+ 37. Kf2 $18) (35... Rc1+ $18 36. Kf2 Rc2+ 37. Kg3 Rc3+ 38. Kh4 Rc7) 36. a7 {[%emt 0:00:07] White mates.} Re7 37. h4 Kf7 38. Rh8 {[%emt 0:00:07] Weighted Error Value: White=0.05 (flawless) /Black=0.50} 1-0

[Event "Israeli Championship 2022"]
[Site "Yosiah Arad"]
[Date "2022.12.07"]
[Round "3.12"]
[White "Kupervaser, Erez"]
[Black "Kochavi, Ori"]
[Result "0-1"]
[ECO "B12"]
[WhiteElo "2331"]
[BlackElo "2326"]
[Annotator "TA"]
[PlyCount "74"]
[EventDate "2022.12.05"]
[EventType "swiss"]
[EventCountry "ISR"]
[SourceTitle "playchess.com"]
[Source "ChessBase"]
[SourceQuality "1"]
[TimeControl "40/5400+30:1800+30"]

1. e4 c6 2. d4 d5 3. e5 Bf5 4. c4 e6 5. Nc3 Bb4 6. cxd5 {[%emt 0:00:54] B12: Caro-Kann: Advance Variation.} cxd5 7. h4 {[%emt 0:01:37] [#] Black must now prevent g4.} h6 8. g4 {[%emt 0:01:03] The position is equal.} Bh7 9. Bd3 Bxd3 10. Qxd3 Nc6 11. Nge2 Nge7 12. h5 {[%emt 0:00:35] [#]} a6 $146 ({Predecessor:} 12... Qb6 13. Kf1 f6 14. exf6 gxf6 15. Qf3 O-O-O 16. Qxf6 e5 17. Bxh6 exd4 18. Bg7 Rd6 19. Nxd5 Rxd5 {1-0 (27) Torosyan,N (2374)-Davtyan,A (2278) Yerevan 2021}) 13. Bd2 Qb6 14. f4 Bxc3 15. Bxc3 Qb5 {[%emt 0:00:57] Inhibits f5.} 16. O-O-O Qc4 (16... Qxd3 {simplifies} 17. Rxd3 b5 18. Bd2 f5) 17. b3 Qxd3 18. Rxd3 a5 19. Rf1 f5 20. exf6 gxf6 21. f5 exf5 22. gxf5 Nb4 23. Bxb4 axb4 24. Kb1 Rg8 25. Nf4 {[%emt 0:01:29] Against Rg2} Kd7 26. Ng6 Nc6 27. Nf4 (27. Re3 $11) 27... Kd6 $1 $15 28. Re3 {[%emt 0:06:51] [#] Re6+ is the strong threat.} Rae8 (28... Nxd4 29. Rd3 Nb5 30. Nxd5 $16 (30. Rxd5+ Kc6 $17)) 29. Re6+ Rxe6 30. fxe6 $17 {[%emt 0:00:32][%cal Oe6e7][%mdl 4096] Endgame KRN-KRN} (30. Nxe6 Ne7 31. Rf4 b6 $17) 30... Rg4 {[%emt 0:08:36] Against e7} ({Much worse is} 30... Nxd4 $6 31. Rd1 Nxe6 32. Rxd5+ Kc6 33. Rf5 Rg1+ 34. Kb2 Nxf4 35. Rxf4 $11 (35. Rxf6+ Kc5 $11)) 31. Kb2 f5 32. a3 $2 {[%emt 0:00:54] White does not recover from this.} (32. Rf2 $17) 32... bxa3+ $19 (32... Nxd4 $2 {perishes.} 33. e7 bxa3+ 34. Ka2 Kxe7 35. Nxd5+ Kd6 36. Nf4 $19) 33. Kxa3 Nxd4 34. e7 Kxe7 35. Nxd5+ Ke6 36. Nf4+ Kf6 37. Kb4 $2 (37. Kb2) 37... Ne6 {[%emt 0:00:06] Weighted Error Value: White=0.38/Black=0.03 (flawless)} 0-1

[Event "Israeli Championship 2022"]
[Site "Yosiah Arad"]
[Date "2022.12.07"]
[Round "3.13"]
[White "Shimshovich, Asaf"]
[Black "Erenberg, Ariel"]
[Result "0-1"]
[ECO "E04"]
[WhiteElo "1941"]
[BlackElo "2514"]
[Annotator "TA"]
[PlyCount "66"]
[EventDate "2022.12.05"]
[EventType "swiss"]
[EventCountry "ISR"]
[SourceTitle "playchess.com"]
[Source "ChessBase"]
[SourceQuality "1"]
[TimeControl "40/5400+30:1800+30"]

1. d4 Nf6 2. c4 e6 3. g3 d5 4. Nf3 dxc4 5. Bg2 a6 6. O-O Nc6 7. e3 Rb8 8. Nfd2 e5 {[%emt 0:00:11] E04: Open Catalan: 5 Nf3.} 9. Bxc6+ bxc6 10. dxe5 Ng4 {[%emt 0:00:11] White is slightly better.} 11. Nxc4 {[%emt 0:00:24] Strongly threatening Qxd8+.} Be6 12. Nbd2 Bb4 13. Qe2 h5 {[%emt 0:02:03][%cal Bh7h5,Bh5h4][%mdl 32] [#]} (13... Bxd2 {simplifies} 14. Bxd2 h5 15. f3 h4) 14. Rd1 $146 ({Predecessor:} 14. f3 Bxd2 15. Bxd2 h4 16. fxg4 hxg3 17. b3 Rxh2 18. Qf3 Rxd2 19. Nxd2 Qxd2 20. Qxg3 {½-½ (35) Hilby,C (2420)-Matsenko,S (2533) Irving 2018}) 14... Qd5 {[%emt 0:11:48] And now ...h4 would win.} 15. b3 Nxe5 16. Nxe5 Qxe5 17. Rb1 h4 18. Bb2 $132 {[%emt 0:00:37][%mdl 2048] White is not keeping still} (18. Qxa6 $2 hxg3 19. Qxc6+ Kf8 $19) 18... Qg5 (18... Qh5 {simplifies} 19. Qxh5 Rxh5 20. Bxg7 hxg3 21. hxg3 Ke7) 19. Nf1 ({Don't play} 19. Qxa6 hxg3 20. Qxc6+ Kf8 $17) (19. Nf3 $5 Bg4 20. Nxg5 (20. Qxa6 $2 {loses.} Bxf3 21. Qa7 O-O $19) 20... Bxe2 21. Rd4 $11 (21. Bxg7 Rg8 $15)) 19... Bd6 20. Qf3 hxg3 21. fxg3 (21. Qxc6+ {is interesting.} Bd7 22. Qe4+ Kf8 23. Nxg3 Qh6 24. Qg2) 21... O-O (21... c5 {looks sharper.} 22. Nd2 Bg4 23. Qe4+ Kf8) 22. Qxc6 Rfe8 23. Rd2 Bf5 24. Rbd1 (24. Rc1 $1 $11) 24... Be4 $17 {[%emt 0:00:16][%mdl 1024] Black has strong compensation. This pair of bishops is nice.} 25. Qc4 ({Better is} 25. Qc1) 25... Rb4 {[%emt 0:03:46] Really sharp!} (25... Qh5 $1 $17 {[%cal Rh5f3] White must now prevent ...Qf3.} 26. Qe2 Bf3) 26. Qe2 Rb5 {[%emt 0:00:17] Black is much more active.} 27. Rd4 {[%emt 0:04:11] [#]} Rf5 $1 28. Rxe4 Rxe4 29. Rd4 {[%emt 0:00:59] [#]} (29. Qxa6 $142 Qg4 30. Rd5) 29... Rxd4 $1 $19 30. Bxd4 Qh5 31. Qxa6 (31. Qxh5 {is the only way for White.} Rxh5 32. Kf2) 31... Qf3 {[%emt 0:00:13] ...Qf2+ is the strong threat. Black is clearly winning.} 32. e4 Qxe4 33. Bf2 {[%emt 0:01:21] [#]} (33. Qc4 $142) 33... Rxf2 $1 {[%emt 0:06:11][%mdl 512] Weighted Error Value: White=0.42/Black=0.10 (very precise)} 0-1

[Event "Israeli Championship 2022"]
[Site "Yosiah Arad"]
[Date "2022.12.07"]
[Round "3.14"]
[White "Sitbon, Itay"]
[Black "Shohat, Yotam"]
[Result "0-1"]
[ECO "E71"]
[WhiteElo "2092"]
[BlackElo "2294"]
[Annotator "TA"]
[PlyCount "62"]
[EventDate "2022.12.05"]
[EventType "swiss"]
[EventCountry "ISR"]
[SourceTitle "playchess.com"]
[Source "ChessBase"]
[SourceQuality "1"]
[TimeControl "40/5400+30:1800+30"]

1. d4 Nf6 2. c4 g6 3. Nc3 Bg7 4. e4 O-O 5. h3 d6 6. Be3 Na6 7. g4 {[%emt 0:00:20] E71: King's Indian: 4 e4 d6 5 h3.} c5 8. d5 (8. Nge2 $14) 8... e6 $1 $15 9. Nge2 {[%emt 0:04:59] The position is equal.} exd5 10. cxd5 b5 $1 {[%emt 0:06:53][%cal Bb7b5,Bb5b4][%mdl 32] [#] White must now prevent ...b4.} 11. g5 $146 {[%emt 0:01:29] Inhibits b4.} (11. Nxb5 Nxe4 12. Bg2 Qa5+ 13. Nbc3 Nxc3 14. Nxc3 Bxc3+ 15. bxc3 Qxc3+ 16. Kf1 Nb4 $17) ({Predecessor:} 11. Ng3 b4 12. Na4 Qa5 13. Bc4 Re8 14. f3 Nd7 15. Rc1 Nb6 16. Nxb6 axb6 17. Qe2 {1-0 (41) Runets,I (2176)-Alexikov,A (2223) Chess.com INT 2022}) 11... Nh5 {[%emt 0:05:57] And now ...b4 would win.} 12. Qd2 (12. Nxb5 $142 Nc7 13. Nxc7 Qxc7 14. Rb1 (14. Nc3 Qe7 $15)) 12... b4 $17 13. Nd1 f5 14. gxf6 Qxf6 15. Rg1 (15. Bg2 $17) 15... Qe7 $19 16. Bg2 c4 (16... Nc7 $19 17. a3 a5) 17. Rc1 $17 Nc5 18. Rxc4 Ba6 $36 {[%emt 0:00:00][%mdl 2048] Keeping White busy. Black has more active pieces. The white rooks are badly placed.} 19. Rxc5 dxc5 20. d6 Qd7 {[%emt 0:03:30] Threatens to win with ...Rae8.} 21. e5 $2 {[%emt 0:10:16] [#] White does not recover from this.} (21. Bf3 $17 Rxf3 22. Qd5+ Kh8 23. Qxa8+ Rf8 24. Qd5) 21... Rae8 $19 22. f4 Bxe2 23. Kxe2 Kh8 {[%emt 0:00:00] Dancing on a razor blade.} 24. Nf2 $2 {[%emt 0:01:17] Inhibits g5.} (24. Ke1 $2 g5 $19) (24. Be4) 24... g5 ({Weaker is} 24... Bxe5 25. fxe5 Rxe5 26. Nd3 Nf4+ 27. Nxf4 (27. Kd1 Nxd3 28. Qxd3 Rf6 $11) 27... Rxf4 28. Kd1 Rxe3 29. Qxe3 $16) 25. fxg5 Rxe5 (25... Bxe5 $2 {perishes.} 26. Kd1 $19) 26. Ne4 (26. Be4 $142 Rxf2+ 27. Bxf2 Rxe4+ 28. Kd1) 26... Rfe8 {[%emt 0:00:00][%cal Oh5g3] Hoping for ...Ng3+!} 27. Qd3 $2 {[%emt 0:02:47] [#]} (27. Kd1 Ng3 28. Nxc5) 27... Ng3+ $3 28. Kd2 (28. Nxg3 Rxe3+) 28... Nxe4+ 29. Bxe4 Rxe4 30. Bxc5 Bxb2 31. Bf2 Re2+ {[%emt 0:00:00] Weighted Error Value: White=1.24/Black=0.46} 0-1

[Event "Israeli Championship 2022"]
[Site "Yosiah Arad"]
[Date "2022.12.07"]
[Round "3.15"]
[White "Ben-Menachem, Itzhak"]
[Black "Uritsky, Yonathan"]
[Result "1/2-1/2"]
[ECO "D30"]
[WhiteElo "2291"]
[BlackElo "2216"]
[Annotator "TA"]
[PlyCount "45"]
[EventDate "2022.12.05"]
[EventType "swiss"]
[EventCountry "ISR"]
[SourceTitle "playchess.com"]
[Source "ChessBase"]
[SourceQuality "1"]
[TimeControl "40/5400+30:1800+30"]

1. d4 Nf6 2. c4 e6 3. g3 c5 4. Nf3 cxd4 5. Nxd4 Nc6 6. Bg2 d5 7. O-O Bc5 8. Nb3 Bb6 9. cxd5 exd5 {[%emt 0:04:27] Nowadays more popular than 9...Nxd5.} 10. Nc3 {[%emt 0:02:36][%cal Oc1g5] D30: Queen's Gambit Declined: Systems without Nc3.} Be6 (10... d4 $11 11. Na4 O-O) 11. Bg5 $14 O-O {[%emt 0:02:51] [#]} 12. Bxd5 Bxd5 $11 13. Bxf6 Bxb3 $1 {[%emt 0:02:47] This pair of bishops is nice.} 14. Bxd8 Bxd1 15. Bxb6 {[%emt 0:00:05] Hoping for Bc5.} Bxe2 16. Nxe2 {[%emt 0:00:22] [#] Strongly threatening Be3.} axb6 {[%emt 0:00:02] The position is equal.} 17. Rfd1 Rfd8 {[%emt 0:00:39] Against Rd7} 18. Nc3 {[%emt 0:00:18] [#]} g6 $146 ({Predecessor:} 18... Kf8 19. Nd5 Rd7 20. a3 Rad8 21. Ne3 Rxd1+ 22. Rxd1 Rxd1+ 23. Nxd1 Ke7 24. Kg2 Kd6 {1-0 (63) Gelis,P (1967)-Mahoney,I Toronto 2010}) 19. Kg2 Kg7 20. h4 h5 21. Kf3 Nd4+ 22. Kg2 Nc6 23. Kf3 {[%emt 0:01:41] Weighted Error Value: White=0.11 (very precise) /Black=0.09 (flawless)} 1/2-1/2

[Event "Israeli Championship 2022"]
[Site "Yosiah Arad"]
[Date "2022.12.07"]
[Round "3.16"]
[White "Barak, Gil"]
[Black "Poleg, Matan"]
[Result "1-0"]
[ECO "D00"]
[WhiteElo "2147"]
[BlackElo "2291"]
[Annotator "TA"]
[PlyCount "73"]
[EventDate "2022.12.05"]
[EventType "swiss"]
[EventCountry "ISR"]
[SourceTitle "playchess.com"]
[Source "ChessBase"]
[SourceQuality "1"]
[TimeControl "40/5400+30:1800+30"]

1. d4 Nf6 2. Nc3 d5 3. Bf4 e6 4. e3 Bb4 5. Bd3 c5 6. dxc5 {[%emt 0:00:38] D00: 1 d4 d5: Unusual lines.} Nbd7 7. Nge2 a6 8. Bg3 {[%emt 0:13:13] Black is slightly better.} Nxc5 {[%emt 0:07:21] [#]} 9. a3 $146 ({Predecessor:} 9. O-O Ba5 10. a3 Bd7 11. b4 Nxd3 12. Qxd3 Bb6 13. Bh4 Bc6 14. Rad1 O-O 15. e4 dxe4 16. Nxe4 Bxe4 {0-1 (16) Vogt,J-Wessel,R freechess.de 2021}) 9... Nxd3+ 10. Qxd3 (10. cxd3 $11 Bd6 11. O-O) 10... Be7 $15 11. O-O Bd7 12. Nd4 Nh5 13. e4 dxe4 14. Nxe4 Nxg3 15. Qxg3 O-O 16. Rad1 Qb6 17. b4 Ba4 18. Qe3 Qc7 19. Rd3 Rfd8 (19... Bxc2 $2 20. Rc1 $18) 20. Rc3 Qd7 21. Nf3 Rac8 (21... Bb5 $5 22. Re1 f6 $15) 22. Ne5 $1 Rxc3 23. Nxc3 {[%emt 0:00:44] Pair of Knights!} Qe8 24. Nxa4 Qxa4 25. Qf3 (25. Qb6 {simplifies} Bf6 26. Ng4 Qd7 27. Nxf6+ gxf6 28. c4) 25... Bf6 (25... Qxc2 $2 26. Qxf7+ Kh8 27. Qxe7 $18) 26. Ng4 Bb2 27. Qxb7 Qb5 (27... Qxa3 $11 {deserves consideration.} 28. c4 Bc3) 28. Qc7 $14 (28. Qxb5 {simplifies} axb5 29. Ne3 f5 30. Rb1) 28... Qb8 {[%emt 0:00:24] [#]} (28... Rf8 $1 $11 {remains equal.}) 29. Qa5 $1 $16 {[%emt 0:02:04] White is more active.} Qc8 30. h3 $40 {[%emt 0:02:31][%mdl 128] White attacks with force.} (30. Ne3 $5 ) 30... Rd2 (30... f5 $16) 31. b5 $18 Rd5 (31... Rd7 $142) 32. c4 ({Much less strong is} 32. Qxa6 Qb8 33. c4 Rd6 $18) 32... Qxc4 33. Qxa6 {[%emt 0:00:29] Qa8+ would kill now.} Qd3 $2 (33... Rd8 {is tougher.} 34. Ne3 Qc5) 34. Ne3 {[%emt 0:01:08] White is clearly winning.} Rd6 35. Rd1 Rxa6 36. bxa6 {[%emt 0:01:55][%mdl 64] [#]} Qd4 37. a7 {[%emt 0:00:00] Weighted Error Value: White=0.07 (flawless) /Black=0.32} 1-0

[Event "Israeli Championship 2022"]
[Site "Yosiah Arad"]
[Date "2022.12.08"]
[Round "4.1"]
[White "Gorshtein, Ido"]
[Black "Parkhov, Yair"]
[Result "1-0"]
[ECO "E90"]
[WhiteElo "2469"]
[BlackElo "2470"]
[Annotator "TA"]
[PlyCount "127"]
[EventDate "2022.12.05"]
[EventType "swiss"]
[EventCountry "ISR"]
[SourceTitle "playchess.com"]
[Source "ChessBase"]
[SourceQuality "1"]
[TimeControl "40/5400+30:1800+30"]

1. c4 Nf6 2. Nc3 g6 3. e4 d6 4. d4 Bg7 5. Nf3 O-O 6. h3 e5 7. d5 Nh5 8. g3 {[%emt 0:02:27] E90: King's Indian: Classical: Early deviations and 6 h3.} Na6 9. Be2 Qe8 (9... Qe7 $11) 10. Nh4 {[%emt 0:04:58] White is slightly better.} Nf6 {[%emt 0:05:26] [#]} 11. g4 $146 ({Predecessor:} 11. Be3 Nc5 12. Qc2 c6 13. b4 Na6 14. a3 cxd5 15. exd5 Qe7 16. Rd1 b6 17. Qa4 {½-½ (64) Denishev,M (2382)-Atabayev,M (2492) Moscow 2016}) 11... Nd7 12. Rg1 Kh8 13. Be3 Ndc5 14. a3 Qe7 {[%emt 0:04:21] Inhibits b4.} 15. g5 Nd7 (15... Bxh3 16. b4 $18) 16. Nf3 f5 17. b4 {[%emt 0:03:36] White is more active.} c5 18. Rb1 Nb6 19. h4 Bd7 20. Rh1 (20. b5 $1 $16 ) 20... Rac8 (20... f4 $14 21. Bc1 Bg4) 21. Qb3 (21. b5 $16) 21... cxb4 22. axb4 f4 23. Bc1 (23. Bxb6 $16 axb6 24. h5) 23... Bg4 $14 24. Nd2 Bxe2 25. Kxe2 Qd7 26. Kf3 h5 27. gxh6 $1 Bf6 28. Bb2 Kh7 (28... Be7 $14) 29. Rbg1 ({White should try} 29. Nb5 $1 $16) 29... Qc7 $11 30. Nb5 Nxc4 $1 31. Nxc4 Qxc4 32. Qxc4 {[%emt 0:00:08] Chess con chili.} Rxc4 33. Nxd6 (33. Nxa7 $2 Rxb4 34. Rb1 Rb3+ 35. Kg4 Nc5 $19) 33... Rxb4 34. Rb1 {[%emt 0:04:48] Hoping for Ba3.} Rb3+ 35. Kg4 $1 {[%emt 0:00:16] White wants to play Nc4.} Nc5 {[%emt 0:00:11] Threatens to win with ...Nd3.} ({Don't play} 35... Kxh6 36. Nc4 (36. Bxe5 $2 Bxe5 37. Rxb3 Bxd6 $19) 36... Re8 37. Bxe5 $1 Rxb1 38. Bxf4+ (38. Rxb1 Bxe5 39. Nxe5 Rxe5 $17) 38... Kh7 39. Rxb1 Rxe4 40. Rxb7+ Kg8 41. Rxa7 $16) 36. Ba1 (36. Rhc1 {keeps more tension.} b6 37. Ba1 Rxb1 38. Rxb1 Kxh6 39. Kf3) 36... Rxb1 37. Rxb1 Kxh6 38. Kf3 b6 39. Bb2 Nd7 40. Rc1 {[%emt 0:01:35] Strongly threatening Rc7.} Be7 $2 {[%emt 0:00:29][%mdl 8192] This move loses the game for Black.} (40... Nc5 $11) 41. Rc7 $1 $18 Bxd6 42. Rxd7 {[%emt 0:00:00][%mdl 4096] Endgame KRB-KRB} Rf6 43. Rxa7 {[%emt 0:00:00] aiming for Kg4.} b5 $2 (43... g5 44. hxg5+ Kxg5) 44. Kg4 b4 45. f3 Rf8 46. Rd7 Rf6 (46... Bb8 $142 47. d6 Re8) 47. Rd8 Bc7 48. Rc8 Rf7 49. Rh8+ Kg7 $2 (49... Rh7 50. Ra8 Re7) 50. Ra8 Kh6 51. Ra7 {[%emt 0:07:20] Intending d6 and mate.} Rg7 52. Rb7 Bd6 53. Rb6 Rd7 54. h5 gxh5+ 55. Kh4 Kh7 56. Kxh5 {[%emt 0:00:10] Black must now prevent Kg5.} Rd8 $2 (56... Kg8 57. Kg6 Kf8) 57. Rb7+ Kg8 58. Kg6 Rb8 59. Rxb8+ {[%emt 0:01:17] White mates.} Bxb8 60. Kf6 Kf8 61. Ke6 (61. Bxe5 Bxe5+ 62. Kxe5 b3 63. Ke6 b2 64. Ke5 b1=Q 65. Kxf4 Qd3 66. d6 Qxd6+ 67. Ke3 Ke7 68. Kf2 Qd2+ 69. Kg3 Kf6 70. f4 Qe3+ 71. Kg4 Qxe4 72. Kh3 Kf5 73. Kh2 Kxf4 74. Kg1 Kf3 75. Kh1 Kg3+ 76. Kg1 Qg2#) 61... Ke8 62. d6 (62. Bxe5 Bxe5 63. Kf5 {[#]} b3 $1 64. Kxe5 b2 65. Kxf4 b1=Q 66. Ke5 Qb3 67. f4 Qg3 68. Kd4 Qxf4 69. Kd3 Ke7 70. d6+ Kxd6 71. Kd4 Qf2+ 72. Kc4 Qd2 73. e5+ Kxe5 74. Kb5 Qc3 75. Ka4 Kd6 76. Kb5 Qb3+ 77. Ka5 Kc5 78. Ka6 Qb6#) 62... b3 63. Bxe5 Bxd6 64. Kxd6 {[%emt 0:00:03] Weighted Error Value: White=0.26 (precise) /Black=0.39} 1-0

[Event "Israeli Championship 2022"]
[Site "Yosiah Arad"]
[Date "2022.12.08"]
[Round "4.2"]
[White "Boruchovsky, Avital"]
[Black "Postny, Evgeny"]
[Result "1-0"]
[ECO "D58"]
[WhiteElo "2552"]
[BlackElo "2588"]
[Annotator "TA"]
[PlyCount "115"]
[EventDate "2022.12.05"]
[EventType "swiss"]
[EventCountry "ISR"]
[SourceTitle "playchess.com"]
[Source "ChessBase"]
[SourceQuality "1"]
[TimeControl "40/5400+30:1800+30"]

1. d4 d5 2. c4 e6 3. Nf3 Nf6 4. Nc3 Be7 5. Bg5 h6 6. Bh4 O-O 7. e3 b6 8. Bxf6 Bxf6 9. cxd5 exd5 10. Bd3 Be6 11. Rc1 c5 12. dxc5 $5 {[%emt 0:15:29][%mdl 4] An interesting side line.} bxc5 13. O-O Nc6 {[%emt 0:08:55] [#] D58: Queen's Gambit Declined: Tartakower Defence.} 14. Bb1 $146 ({Predecessor:} 14. Na4 c4 15. Bb1 Qa5 16. b3 Rfd8 17. Qc2 g6 18. Qd2 Qb5 19. Nc3 Qb6 20. Na4 Qb5 21. Nc3 {0-1 (37) Broschwitz,M (2086)-Haizmann,T (2129) Bayern 2011}) 14... c4 15. b3 d4 {[%emt 0:16:14] The position is equal.} 16. Ne4 dxe3 17. Nxf6+ Qxf6 18. fxe3 Rfd8 {[%emt 0:14:40] Against Nd4} 19. Qc2 g6 20. bxc4 Rac8 21. Qa4 (21. Qe4 $14) 21... Qe7 {[%emt 0:04:11][%mdl 1024] Black has compensation.} (21... Ne5 $5 22. c5 Nxf3+ 23. Rxf3 Qe5 $11) 22. c5 Bd5 23. e4 Be6 24. h3 Qc7 25. Kh1 Ne5 26. Nd4 Bd7 27. Qb4 Bc6 ({Black should try} 27... Bxh3 $14 28. gxh3 Qd7) 28. Qc3 $16 {[%emt 0:01:11] White is more active.} Qe7 29. a3 (29. Bc2 $16) 29... Kh7 (29... Bb7 $14) 30. Qe3 Qg5 31. Qf2 Rd7 32. Rc3 Rcd8 $2 {[%emt 0:01:09] This costs Black the game.} ({Black should play} 32... Rdc7 $14) 33. Nxc6 $18 Nxc6 {[%emt 0:00:04] [#]} 34. Ba2 $1 Ne5 35. Bd5 Rc7 36. c6 Rb8 37. Qc2 Qe7 38. Rb3 Rxb3 39. Qxb3 Kg7 40. Qc3 Qd6 41. Rb1 Qf6 42. Rb7 Rc8 (42... Qd6 43. a4 Kg8) 43. Rxa7 Qf1+ 44. Kh2 Qf6 {[%emt 0:00:07][%cal Oe5g4] Strongly threatening ...Ng4+!} 45. Kg1 h5 46. Rb7 g5 47. Qg3 Kh6 (47... Ra8 {is a better defense.} 48. Qe3 Rc8) 48. Qf2 Qd6 49. Qf5 (49. Bxf7 Rxc6 50. Rb1 Nxf7 $14) 49... Ra8 50. c7 (50. Bxf7 Rxa3 51. Qe6+ Qxe6 52. Bxe6 Nxc6 $18) 50... Qc5+ (50... Rc8 $142 51. Bxf7 (51. Qxc8 Qc5+ 52. Kf1 Qc1+ 53. Kf2 Nd3+ 54. Kf3 Ne5+ 55. Kf2 Nd3+ 56. Kf3 Ne5+ 57. Kf2 $11) 51... Rxc7 52. Rxc7 Qxc7 53. Qf6+ Kh7 54. Bxh5 Qc5+ 55. Kf1 Qc4+ 56. Be2 Qc1+ 57. Kf2 Qc5+ 58. Kg3 Ng6) 51. Qf2 Qc1+ 52. Kh2 {[%emt 0:00:00] Hoping for Rb6+.} Rxa3 53. Rb6+ {[%emt 0:00:00] White mates.} Ng6 {[%emt 0:00:00] [#]} 54. Rxg6+ $1 Kxg6 55. Qxf7+ Kh6 56. Qe6+ Kg7 57. Qd7+ (57. c8=B $2 Qf4+ 58. g3 Qxg3+ 59. Kh1 Ra1#) 57... Kh6 58. Qc6+ {[%emt 0:00:06] Weighted Error Value: White=0.19 (very precise) /Black=0.39} (58. c8=B $2 {leads to mate.} Qf4+ 59. g3 Qxg3+ 60. Kh1 Ra1#) (58. Qd6+ $142 Kh7 59. Qe7+ Kh6 60. Qf8+ Kg6 61. Bf7+ (61. c8=B {is a self mate.} Qc7+ 62. e5 Qxe5+ 63. Kg1 Ra1+ 64. Kf2 Qb2+ 65. Kf3 Rf1+ 66. Ke4 Re1+ 67. Kd3 Rd1+ 68. Kc4 Rc1+ 69. Kd3 Qc3+ 70. Ke2 Re1+ 71. Kf2 Qe3#) 61... Kf6 62. Bc4+ (62. c8=B $2 {gets mated.} Qf4+ 63. g3 Qxg3+ 64. Kh1 Ra1#) 62... Ke5 63. Qc5+ Kf6 64. Qf5+ (64. c8=Q Qf4+ 65. Kh1 Ra1+ $11) 64... Kg7 65. Qf7+ Kh6 66. Qf6+ Kh7 67. c8=Q) 1-0